 Dungeon Crawl Stone Soup version 0.18.1-48-g4cf74bf (webtiles) character file.

35 Lennu the Grasshopper (level 3, -1/27 HPs)
             Began as a Formicid Warper on July 5, 2016.
             Slain by a worm (7 damage)
             ... on level 2 of the Dungeon.
             The game lasted 00:05:01 (2041 turns).

Lennu the Grasshopper (Formicid Warper)             Turns: 2041, Time: 00:05:01

Health: -1/27      AC:  4    Str: 16    XL:     3   Next: 55%
Magic:  6/6        EV: 11    Int: 12    God:
Gold:   191        SH:  0    Dex: 10    Spells: 1 memorised, 5 levels left

rFire  . . .     SeeInvis +     a - +0 falchion
rCold  . . .     Gourm    .     b - +1 leather armour
rNeg   . . .     Faith    .     (no shield)
rPois  .         Spirit   .     (helmet unavailable)
rElec  .         Dismiss  .     (no cloak)
rCorr  .         Reflect  .     (no gloves)
SustAt .         Harm     .     (no boots)
MR     .....                    m - amulet of inaccuracy (curse)
Stlth  +.........               (no ring)
                                (no ring)

@: drained, not resistant to hostile enchantments, very unstealthy
A: permanent stasis, dig shafts and tunnels, four strong arms, antennae 3
a: Dig, Shaft Self


You were on level 2 of the Dungeon.
You were not hungry.

You visited 1 branch of the dungeon, and saw 2 of its levels.

You collected 191 gold pieces.

Inventory:

Hand Weapons
 a - a +0 falchion (weapon)
Missiles
 e - 5 tomahawks of dispersal (quivered)
 k - 7 tomahawks
Armour
 b - a +1 leather armour (worn)
Jewellery
 i - an uncursed amulet of harm
 m - a cursed amulet of inaccuracy (around neck)
Wands
 g - a wand of enslavement (6/24)
Scrolls
 d - a scroll of blinking
Potions
 j - 2 potions of might {unknown}
 l - a potion of curing {unknown}
Books
 c - a book of Spatial Translocations

   Spells                             Type                      Level
   a - Apportation                    Translocation                1
   b - Blink                          Translocation                2
   c - Shroud of Golubria             Charms/Translocation         2
   d - Portal Projectile              Translocation                3
   e - Teleport Other                 Translocation                3
   f - Passage of Golubria            Translocation                4
Comestibles
 f - 4 bread rations


   Skills:
 * Level 2.2(1.2) Fighting
 * Level 2.1(1.1) Long Blades
 * Level 1.3(0.3) Throwing
 * Level 1.4(0.4) Armour
 * Level 2.1(1.1) Dodging
 + Level 2.3(1.3) Spellcasting
 + Level 3.2(2.1) Translocations


You had 5 spell levels left.
You knew the following spells:

 Your Spells              Type           Power        Failure   Level  Hunger
a - Apportation           Tloc           #.........   14%         1    ##.....


Dungeon Overview and Level Annotations

Branches:
Dungeon (2/15)

Altars:


Innate Abilities, Weirdness & Mutations

You are under a permanent stasis effect.
You can dig through walls and to a lower floor.
Your four strong arms can wield two-handed weapons with a shield.
You have a pair of large antennae on your head (SInv).


Message History

You sense a monster nearby.
You start resting.
A worm comes into view.
You hit the worm.
The worm is lightly wounded.
The worm barely misses you.
You closely miss the worm. The worm closely misses you.
You closely miss the worm. You hit the worm.
The worm is lightly wounded.
The worm bites you but does no damage.
You closely miss the worm.
The worm is lightly wounded.
The worm bites you!
You barely miss the worm. The worm bites you.
* * * LOW HITPOINT WARNING * * *
You barely miss the worm. You closely miss the worm. The worm misses you.
You completely miss the worm. The worm bites you!
You die...

########.## ..........
..## #####....# ....
#####....# ....
....#....###########....
....+................#+##
....#....##..............
...##....##..........#.##
...............w@........
##.#####.#...#####...#.##
.......................>.
##.########.#####...>##..
##.. #.# ....# . .... #..
....# #.... #... ....#
+.... #.... ....# #
#..... ..#..


You could see a worm.

Vanquished Creatures
  An ooze (D:1)
  2 giant geckos
  A ball python (D:1)
  2 giant cockroaches (D:1)
  6 goblins
  5 hobgoblins
  3 kobolds (D:1)
  3 bats
  A giant newt (D:1)
  4 rats (D:1)
28 creatures vanquished.

Notes
Turn   | Place    | Note
--------------------------------------------------------------
     0 | D:1      | Lennu the Formicid Warper began the quest for the Orb.
     0 | D:1      | Reached XP level 1. HP: 16/16 MP: 3/3
   165 | D:1      | Reached skill level 3 in Translocations
   176 | D:1      | Reached XP level 2. HP: 10/22 MP: 5/5
   953 | D:1      | Reached XP level 3. HP: 23/27 MP: 6/6
  2041 | D:2      | Slain by a worm

Skill      XL: |  1  2 |
---------------+-------+-----
Translocations | 3 |  3.2
Dodging        | 2 |  2.1
Fighting       | |  2.2
Long Blades    | |  2.1
Throwing       | |  1.3
Armour         | |  1.4
Spellcasting   | |  2.3

Action                   || total
-------------------------++-------
Melee: Falchion          ||   142
  Use: Scroll            ||     3
  Eat: Chunk             ||     2
       Bread ration      ||     1
Armor: Leather armour    ||    37
Dodge: Dodged            ||    93
